 Dungeon Crawl Stone Soup version 0.23.2-40-g277498a (webtiles) character file.

Game seed: 13485084888754947868

649 CrazyJ the Vexing (level 7, -1/57 HPs)
             Began as a Demigod Arcane Marksman on Sept 9, 2019.
             Killed by nerve-wracking pain
             ... invoked by Menkaure
              (3 damage)
             ... on level 5 of the Dungeon.
             The game lasted 00:39:42 (6102 turns).

CrazyJ the Vexing (Demigod Arcane Marksman)         Turns: 6102, Time: 00:39:43

Health: -1/57      AC:  7    Str: 13    XL:     7   Next: 6%
Magic:  0/23       EV: 13    Int: 17    God:
Gold:   168        SH:  5    Dex: 20    Spells: 2/11 levels left

rFire    . . .     SeeInvis .   s - +4 dagger
rCold    . . .     Gourm    .   h - +0 buckler
rNeg     + . .     Faith    .   e - +0 robe
rPois    .         Spirit   +   p - +2 helmet
rElec    .         Reflect  .   J - +0 cloak
rCorr    .         Harm     .   (no gloves)
MR       .....                  D - +0 pair of boots
Stlth    ++........             q - amulet of guardian spirit
HPRegen  0.19/turn              i - ring of positive energy
MPRegen  0.18/turn              b - ring of magical power

@: about to teleport
A: high mp 1
a: no special abilities


You were on level 5 of the Dungeon.
You were not hungry.

You visited 1 branch of the dungeon, and saw 5 of its levels.

You collected 168 gold pieces.

Inventory:

Hand Weapons
 a - a +0 hunting sling
 n - a +0 dagger
 r - a +0 hand axe
 s - a +4 dagger (weapon)
 y - a +2 flail of protection
 E - a +0 long sword
 I - a +2 quarterstaff of chaos
 N - a +0 falchion
Missiles
 d - 13 sling bullets
 o - 17 bolts
 t - 6 needles of confusion
 u - 23 arrows
 v - 15 poisoned needles
 A - 80 stones (quivered)
Armour
 e - a +0 robe (worn)
 h - a +0 buckler (worn)
 m - a +0 leather armour
 p - a +2 helmet (worn)
 D - a +0 pair of boots (worn)
 F - a +0 pair of boots
 J - a +0 cloak (worn)
Jewellery
 b - a ring of magical power (right hand)
 i - a ring of positive energy (left hand)
 q - an amulet of guardian spirit (around neck)
Wands
 c - a wand of clouds (3)
 G - a wand of digging (4)
Scrolls
 g - a scroll of random uselessness {unknown}
 j - 3 scrolls of remove curse
 l - 5 scrolls of identify
 w - a scroll of enchant armour
 x - a scroll of blinking {unknown}
 z - a scroll of amnesia {unknown}
 K - a scroll of magic mapping {unknown}
Potions
 k - a potion of degeneration {unknown}
 B - 2 potions of brilliance
 C - a potion of might {unknown}
 H - 2 potions of ambrosia
 L - a potion of lignification {unknown}
Comestibles
 f - 5 rations


   Skills:
 * Level 3.0 Fighting
 * Level 1.7 Short Blades
 * Level 3.3 Slings
 + Level 1.7 Armour
 + Level 2.7 Dodging
 + Level 1.6 Shields
 + Level 2.6 Spellcasting
 * Level 3.8 Hexes


You had 2 spell levels left.
You knew the following spells:

 Your Spells              Type           Power        Failure   Level  Hunger
a - Corona                Hex            ###....      4%          1    #......
b - Slow                  Hex            ###.....     8%          2    ##.....
c - Inner Flame           Hex/Fire       #.......     32%         3    ###....
d - Portal Projectile     Hex/Tloc       #.....       32%         3    ###....

Your spell library contained the following spells:

 Spells                   Type           Power        Failure   Level  Hunger
 Cause Fear               Hex            ###.......   43%         4    #####..
 Leda's Liquefaction      Hex/Erth       #.........   71%         4    #####..


Dungeon Overview and Level Annotations

Branches:
Dungeon (5/15)
 Temple: D:4-7

Shops:
D:5 %

Annotations:
D:4 Grinder
D:5 Menkaure


Innate Abilities, Weirdness & Mutations

You have an increased reservoir of magic. (+10% MP)


Message History

Menkaure is severely damaged.
You block Menkaure's attack.
You hit Menkaure.
Menkaure is severely damaged.
Menkaure hits you!!
* * * LOW HITPOINT WARNING * * *
You hit Menkaure but do no damage.
Menkaure is severely damaged.
Menkaure hits you.
* * * LOW HITPOINT WARNING * * *
Menkaure hits you!
* * * LOW HITPOINT WARNING * * *
Okay, then.
As you read the scroll of teleportation, it crumbles to dust.
You feel strangely unstable. Menkaure closely misses you.
You hit Menkaure but do no damage.
Menkaure is severely damaged.
Menkaure casts a spell at you. Pain shoots through your body!
You die...

. #.# #........ .!##.#
#.###.### + #.##.## #.#
#.# # .. #.#...###.#
#.### ... ##((....##.#
#..## ....
#.(.....##.####.#.
.....###(......##.#......
........M.........≈.≈....
...(....@...#####≈≈.≈≈...
....####.#.## #≈≈∩≈≈.#. .
#.### #≈≈≈≈≈.## #.######
##≈≈≈#.# #......# #####.#
######.# ####.## #.#
#...... #.# #.##.## #>#
#.##.#


You could see Menkaure.

Vanquished Creatures
  A hornet zombie (D:5)
  A scorpion (D:5)
  A crimson imp (D:5)
  3 orc priests
  A centaur skeleton (D:4)
  An iguana (D:5)
  Crazy Yiuf (D:4)
  3 orc wizards
  A worker ant (D:4)
  9 adders
  4 oozes
  An adder skeleton (D:4)
  2 worms
  5 leopard geckos
  10 orcs
  A giant cockroach (D:2)
  6 goblins
  9 hobgoblins
  6 jackals (D:2)
  2 quokkas
  A ball python (D:4)
  9 bats
  2 frilled lizards
  4 kobolds (D:2)
  6 rats
90 creatures vanquished.

Notes
Turn   | Place    | Note
-------+----------+-------------------------------------------
     0 | D:1      | CrazyJ the Demigod Arcane Marksman began the quest for the
                  | Orb.
     0 | D:1      | Reached XP level 1. HP: 15/15 MP: 4/4
   100 | D:1      | Reached skill level 1 in Fighting
   327 | D:1      | Reached XP level 2. HP: 20/23 MP: 5/6
   629 | D:1      | Learned a level 2 spell: Slow
  1389 | D:2      | Found a bloodstained altar of Trog.
  1396 | D:2      | Reached XP level 3. HP: 20/28 MP: 7/7
  1593 | D:2      | Reached XP level 4. HP: 20/36 MP: 9/9
  2073 | D:2      | Learned a level 3 spell: Inner Flame
  2861 | D:3      | Reached skill level 1 in Shields
  2861 | D:3      | Reached XP level 5. HP: 5/41 MP: 2/10
  2919 | D:3      | Found a glowing golden altar of the Shining One.
  3531 | D:3      | Reached skill level 1 in Short Blades
  3687 | D:4      | Found a snail-covered altar of Cheibriados.
  3774 | D:4      | Reached skill level 1 in Armour
  4147 | D:4      | Found a runed translucent door.
  4148 | D:4      | Noticed Crazy Yiuf
  4158 | D:4      | Killed Crazy Yiuf
  4382 | D:4      | Reached XP level 6. HP: 39/50 MP: 12/12
  4392 | D:4      | Noticed Grinder
  4418 | D:4      | Paralysed by something for 3 turns
  4462 | D:5      | Entered Level 5 of the Dungeon
  4515 | D:5      | Found Jinaphus's Food Emporium.
  4860 | D:5      | Learned a level 3 spell: Portal Projectile
  5243 | D:5      | HP: 2/50 [hornet zombie (7)]
  5887 | D:5      | Reached XP level 7. HP: 33/57 MP: 13/14
  6077 | D:5      | Noticed Menkaure
  6100 | D:5      | HP: 2/57 [Menkaure (6)]
  6102 | D:5      | Killed from afar by Menkaure

Skill      XL: |  1  2  3  4  5  6 |
---------------+-------------------+-----
Fighting       | 1 2 3 |  3.0
Slings         | 2 3 |  3.3
Dodging        | 2 |  2.7
Hexes          | 3 |  3.8
Spellcasting   | 2 |  2.6
Shields        | 1 |  1.6
Short Blades   | 1 |  1.7
Armour         | 1 |  1.7

Action                   |  1- 3 |  4- 6 |  7- 9 || total
-------------------------+-------+-------+-------++-------
Melee: Dagger            |    16 |   311 |    13 ||   340
 Fire: Hunting sling     |   116 |   116 |     5 ||   237
Throw: Stone             |       |     5 |     1 ||     6
 Cast: Corona            |     1 |     2 |       ||     3
       Slow              |       |     4 |     1 ||     5
  Use: Scroll            |       |     7 |     1 ||     8
       Potion            |       |     5 |       ||     5
 Stab: Sleeping          |       |     1 |       ||     1
  Eat: Chunk             |     2 |     8 |       ||    10
       Ration            |       |     2 |       ||     2
Armor: Robe              |    17 |    88 |     1 ||   106
Dodge: Dodged            |    43 |   166 |     4 ||   213
Block: Buckler           |    15 |    54 |     3 ||    72
